 Dungeon Sprint DCSS version 0.27-a0-103-g6cd7b45605 (webtiles) character file.

Game seed: 16149210347949455157

42686 mhtbhm the Sensei (level 14, -13/103 HPs)
             Began as a Merfolk Transmuter on Jan 24, 2021.
             Was the Champion of Makhleb.
             Mangled by a fire giant
             ... wielding a +0 great sword of flaming
              (33 damage)
             ... in the Dungeon (Sprint IX: "|||||||||||||||||||||||||||||").
             The game lasted 00:08:54 (3415 turns).

mhtbhm the Sensei (Merfolk Transmuter)              Turns: 3415, Time: 00:08:55

Health: -13/103    AC:  9    Str: 17    XL:     14   Next: 20%
Magic:  0/33       EV: 24    Int: 13    God:    Makhleb [******]
Gold:   1252       SH:  0    Dex: 15    Spells: 28/43 levels left

rFire    + . .     SeeInvis .     - Unarmed
rCold    . . .     Faith    .   (shield currently unavailable)
rNeg     . . .     Spirit   +   a - +2 robe {rF+}
rPois    +         Reflect  .   C - +1 helmet
rElec    .         Harm     .   D - +1 cloak
rCorr    .         Rampage  .   (gloves currently unavailable)
Will     +....     NoTele   +   k - +0 pair of boots
Stlth    +++.......             r - amulet of guardian spirit
HPRegen  0.27/turn              m - +3 ring of strength
MPRegen  0.23/turn              B - ring of poison resistance

@: blade hands, wereblooded
A: change form in water, swift swim, stealthy swim
a: End Transformation, Renounce Religion, Minor Destruction, Lesser Servant of
Makhleb, Major Destruction, Greater Servant of Makhleb


You were in the Dungeon.
You worshipped Makhleb.
Makhleb was exalted by your worship.
You had blades for hands.
You visited 1 branch You collected 1919 gold pieces.
You spent 667 gold pieces at shops.

Inventory:

Armour
 a - a +2 robe of fire resistance (worn)
 k - a +0 pair of boots (worn)
 l - a +0 pair of gloves (melded)
 C - a +1 helmet (worn)
 D - a +1 cloak (worn)
Jewellery
 m - a +3 ring of strength (left scythe-like blade)
 r - an amulet of guardian spirit (around neck)
 z - an uncursed ring of willpower
 A - an uncursed ring of see invisible
 B - a ring of poison resistance (right scythe-like blade)
Wands
 b - a wand of iceblast (12)
 j - a wand of acid (4)
Scrolls
 g - 3 scrolls of remove curse
 h - 3 scrolls of blinking
 i - 2 scrolls of amnesia
 q - 2 scrolls of identify
 s - 3 scrolls of fear
 t - 4 scrolls of enchant armour
 u - 2 scrolls of fog
 w - 2 scrolls of enchant weapon
 x - a scroll of magic mapping
 y - a scroll of immolation
Potions
 c - 8 potions of curing
 d - 4 potions of heal wounds
 e - 2 potions of haste
 f - 4 potions of magic
 n - a potion of invisibility
 o - 4 potions of might
 p - 2 potions of brilliance
 v - a potion of berserk rage


   Skills:
 + Level 7.2 Fighting
 + Level 16.9 Dodging
 - Level 4.0 Stealth
 + Level 26.1 Unarmed Combat
 + Level 15.2 Spellcasting
 + Level 18.2 Transmutations
 + Level 4.1 Ice Magic
 + Level 2.1 Invocations
 - Level 3.2 Evocations


You had 28 spell levels left.
You knew the following spells:

 Your Spells              Type           Power        Failure   Level
a - Beastly Appendage     Tmut           100%         3%          1
b - Wereblood             Tmut           55%          3%          2
c - Spider Form           Tmut/Pois      16%          12%         3
d - Ice Form              Ice/Tmut       38%          13%         4
e - Blade Hands           Tmut           27%          7%          5

Your spell library contained the following spells:

 Spells                   Type           Power        Failure   Level
 Magic Dart               Conj           36%          38%         1
 Blink                    Tloc           N/A          45%         2
 Call Imp                 Summ           9%           45%         2
 Slow                     Hex            9%           45%         2
 Conjure Flame            Conj/Fire      9%           63%         3
 Mephitic Cloud           Conj/Pois/Air  9%           63%         3


Dungeon Overview and Level Annotations

Branches:
Dungeon (1/1)

Altars:
Cheibriados
Dithmenos
Elyvilon
Fedhas
Gozag
Hepliaklqana
Kikubaaqudgha
Makhleb
Nemelex Xobeh
Okawaru
Qazlal
Ru
Sif Muna
Trog
Uskayaw
Vehumet
Wu Jian
Xom
Yredelemnul
Zin
The Shining One
Beogh
Jiyva
Lugonu

Shops:
D [**(


Message History

Makhleb accepts your kill.
You feel better.
The battlesphere dissipates.
Your Unarmed Combat skill increases to level 26!
A frost giant comes into view.
It is wielding a +1 battleaxe of freezing.
The fire giant hits you with a +0 great sword of flaming!
The fire giant burns you. The fire dragon breathes flames at you.
The blast of flame hits the fire giant!
The fire giant resists.
The blast of flame misses you.
You hear an angry buzzing noise.
Things that are here:
a +0 war axe; a +0 ring mail; a +0 buckler You slice the fire giant!!
The fire giant is heavily wounded.
You howl as the wereblood boils in your veins!
The spriggan air mage waves its arms in wide circles.
The air twists around and strikes you!!
* * * LOW HITPOINT WARNING * * *
The fire giant hits you with a +0 great sword of flaming!!
You die...

.....'...=.))))))))..[[[[[[[.....
▓▓▓▓▓▓▓▓▓▓▓▓▓▓▓▓▓▓▓▓▓▓▓▓▓▓▓▓▓▓▓▓▓
.....)...........................
▓▓▓▓▓▓▓▓▓▓▓▓▓▓▓▓▓▓▓▓▓▓▓▓▓▓▓▓▓▓▓▓▓
.....(....(')))))....†)))))....††
▓▓▓▓▓▓▓▓▓▓▓▓▓▓▓▓▓▓▓▓▓▓▓▓▓▓▓▓▓▓▓▓▓
..............................)..
▓▓▓▓▓▓▓▓▓▓▓▓▓▓▓▓▓▓▓▓▓▓▓▓▓▓▓▓▓▓▓▓▓
.............○))@CDGciQC
▓▓▓▓▓▓▓▓▓▓▓▓▓▓▓▓▓▓▓▓▓▓▓▓


You could see a frost giant, a fire giant, a fire dragon (catching breath), a
tengu reaver, a yaktaur captain, a great orb of eyes and a spriggan air mage
(repels missiles).

Vanquished Creatures
  Agnes (D)
  A tengu reaver (D)
  A nagaraja (D)
  A stone giant (D)
  An entropy weaver (D)
  A fire dragon (D)
  A great orb of eyes (D)
  Erolcha (D)
  An ice dragon (D)
  2 hydras (D)
  2 centaur warriors (D)
  A merfolk aquamancer (D)
  An anaconda (D)
  A deep troll shaman (D)
  A two-headed ogre (D)
  A death knight (D)
  A satyr (D)
  An alligator (D)
  Erica (D)
  2 ogre magi (D)
  A naga sharpshooter (D)
  9 orc high priests (D)
  3 tengu warriors (D)
  2 spriggan druids (D)
  A swamp dragon (D)
  A naga ritualist (D)
  2 bog bodies (D)
  An orc sorcerer (D)
  An orc knight (D)
  A salamander (D)
  Maurice (D)
  2 manticores (D)
  A merfolk siren (D)
  2 naga magi (D)
  3 black mambas (D)
  2 yaktaurs (D)
  A rime drake (D)
  2 cane toads (D)
  4 komodo dragons (D)
  2 kobold demonologists (D)
  4 merfolk (D)
  4 tyrant leeches (D)
  A polar bear (D)
  A hornet (D)
  2 blink frogs (D)
  6 redbacks (D)
  2 tarantellas (D)
  3 wyverns (D)
  A yak (D)
  Eustachio (D)
  A spriggan (D)
  A basilisk (D)
  2 vampire mosquitoes (D)
  12 orc warriors (D)
  2 water moccasins (D)
  2 centaurs (D)
  4 bullfrogs (D)
  2 scorpions (D)
  2 hounds (D)
  6 orc priests (D)
  4 orc wizards (D)
  A worker ant (D)
  An adder (D)
  An adder skeleton (D)
  8 orcs (D)
  2 bat skeletons (D)
  A giant cockroach (D)
  A hobgoblin (D)
  A jackal (D)
  A ball python zombie (D)
  A frilled lizard (D)
  A kobold (D)
  A leopard gecko skeleton (D)
148 creatures vanquished.

Notes
Turn   | Place    | Note
-------+----------+-------------------------------------------
     0 | D        | mhtbhm the Merfolk Transmuter began the quest for the Orb.
     0 | D        | Reached XP level 1. HP: 15/15 MP: 3/3
    16 | D        | Reached skill level 4 in Unarmed Combat
   246 | D        | Noticed a scorpion
   246 | D        | Noticed a scorpion
   246 | D        | Noticed a hound
   251 | D        | Killed a scorpion
   252 | D        | Reached skill level 6 in Unarmed Combat
   252 | D        | Reached XP level 2. HP: 21/21 MP: 3/6
   252 | D        | Reached XP level 3. HP: 26/26 MP: 3/7
   253 | D        | Killed a scorpion
   254 | D        | Reached skill level 5 in Dodging
   254 | D        | Reached skill level 8 in Unarmed Combat
   254 | D        | Reached skill level 5 in Transmutations
   254 | D        | Reached XP level 4. HP: 32/32 MP: 3/9
   265 | D        | Reached skill level 9 in Unarmed Combat
   265 | D        | Reached XP level 5. HP: 31/37 MP: 4/11
   310 | D        | Learned a level 2 spell: Wereblood
   314 | D        | Learned a level 3 spell: Spider Form
   319 | D        | Learned a level 4 spell: Ice Form
   322 | D        | Found a roughly hewn altar of Beogh.
   322 | D        | Found a snail-covered altar of Cheibriados.
   322 | D        | Found a shadowy altar of Dithmenos.
   322 | D        | Found a white marble altar of Elyvilon.
   322 | D        | Found a blossoming altar of Fedhas.
   322 | D        | Found an opulent altar of Gozag.
   323 | D        | Found a hazy altar of Hepliaklqana.
   324 | D        | Found a viscous altar of Jiyva.
   325 | D        | Found an ancient bone altar of Kikubaaqudgha.
   326 | D        | Found a corrupted altar of Lugonu.
   327 | D        | Found a burning altar of Makhleb.
   328 | D        | Found a sparkling altar of Nemelex Xobeh.
   329 | D        | Found an iron altar of Okawaru.
   338 | D        | Found a stormy altar of Qazlal.
   339 | D        | Found a sacrificial altar of Ru.
   340 | D        | Found a shimmering blue altar of Sif Muna.
   341 | D        | Found a bloodstained altar of Trog.
   342 | D        | Found a hide-covered altar of Uskayaw.
   343 | D        | Became a worshipper of Makhleb the Destroyer
   344 | D        | Found a radiant altar of Vehumet.
   345 | D        | Found an ornate altar of the Wu Jian Council.
   346 | D        | Found a shimmering altar of Xom.
   347 | D        | Found a basalt altar of Yredelemnul.
   348 | D        | Found a glowing silver altar of Zin.
   349 | D        | Found a glowing golden altar of the Shining One.
   491 | D        | Noticed a centaur
   491 | D        | Noticed an orc warrior
   497 | D        | Killed a centaur
   498 | D        | Reached skill level 1 in Stealth
   498 | D        | Reached skill level 10 in Unarmed Combat
   498 | D        | Reached skill level 5 in Spellcasting
   498 | D        | Reached XP level 6. HP: 39/43 MP: 5/13
   501 | D        | Killed an orc warrior
   501 | D        | Reached * piety under Makhleb
   502 | D        | Reached skill level 11 in Unarmed Combat
   504 | D        | Reached ** piety under Makhleb
   584 | D        | Noticed a two-headed ogre
   584 | D        | Noticed a kobold demonologist
   584 | D        | Noticed a centaur warrior
   588 | D        | Noticed a smoke demon
   590 | D        | Killed a two-headed ogre
   591 | D        | Reached skill level 13 in Unarmed Combat
   591 | D        | Reached XP level 7. HP: 47/49 MP: 9/17
   591 | D        | Reached XP level 8. HP: 54/56 MP: 10/19
   593 | D        | Noticed a smoke demon
   604 | D        | Noticed a red devil
   604 | D        | Killed a kobold demonologist
   604 | D        | Reached *** piety under Makhleb
   605 | D        | Reached skill level 14 in Unarmed Combat
   609 | D        | Killed a centaur warrior
   610 | D        | Reached skill level 10 in Dodging
   610 | D        | Reached skill level 15 in Unarmed Combat
   610 | D        | Reached skill level 10 in Transmutations
   610 | D        | Reached skill level 1 in Ice Magic
   610 | D        | Reached skill level 1 in Evocations
   610 | D        | Reached XP level 9. HP: 45/62 MP: 12/21
   875 | D        | Learned a level 5 spell: Blade Hands
   878 | D        | Noticed a rime drake
   878 | D        | Noticed a cane toad
   878 | D        | Noticed a komodo dragon
   878 | D        | Noticed a polar bear
   878 | D        | Noticed a cane toad
   884 | D        | Killed a rime drake
   887 | D        | Killed a cane toad
   887 | D        | Reached **** piety under Makhleb
   888 | D        | Reached skill level 16 in Unarmed Combat
   891 | D        | Killed a komodo dragon
   893 | D        | Noticed a komodo dragon
   894 | D        | Killed a polar bear
   895 | D        | Killed a cane toad
   896 | D        | Reached XP level 10. HP: 70/70 MP: 11/23
   900 | D        | Reached ***** piety under Makhleb
   915 | D        | Reached skill level 17 in Unarmed Combat
  1003 | D        | Noticed an eight-headed hydra
  1003 | D        | Noticed a black mamba
  1203 | D        | Killed an eight-headed hydra
  1215 | D        | Killed a black mamba
  1216 | D        | Reached skill level 10 in Spellcasting
  1225 | D        | Reached skill level 18 in Unarmed Combat
  1234 | D        | Reached ****** piety under Makhleb
  1423 | D        | Reached XP level 11. HP: 77/77 MP: 19/25
  1546 | D        | Noticed Erica
  1553 | D        | Killed Erica
  1554 | D        | Reached skill level 19 in Unarmed Combat
  1600 | D        | Noticed Eustachio
  1612 | D        | Killed Eustachio
  1643 | D        | Noticed an orc knight
  1660 | D        | Killed an orc knight
  1729 | D        | Noticed an orc sorcerer
  1735 | D        | Killed an orc sorcerer
  1796 | D        | Found Dotsuho's Armour Emporium.
  1796 | D        | Noticed an orc high priest
  1796 | D        | Noticed an orc high priest
  1796 | D        | Noticed an orc high priest
  1796 | D        | Noticed an orc high priest
  1796 | D        | Noticed an orc high priest
  1799 | D        | Noticed a sixfirhy
  1803 | D        | Killed an orc high priest
  1804 | D        | Reached skill level 5 in Fighting
  1804 | D        | Reached skill level 20 in Unarmed Combat
  1806 | D        | Killed an orc high priest
  1807 | D        | Found Miejut's Assorted Antiques.
  1814 | D        | Killed an orc high priest
  1815 | D        | Noticed an orc high priest
  1819 | D        | Killed an orc high priest
  1822 | D        | Killed an orc high priest
  1823 | D        | Reached XP level 12. HP: 68/86 MP: 4/27
  1823 | D        | Found Xiamuadd's General Store.
  1824 | D        | Noticed an orc high priest
  1826 | D        | Noticed an orc high priest
  1828 | D        | Found Watt's Antique Weapon Shoppe.
  1830 | D        | Noticed a soul eater
  1830 | D        | Killed an orc high priest
  1831 | D        | Reached skill level 21 in Unarmed Combat
  1832 | D        | Killed an orc high priest
  1834 | D        | Killed an orc high priest
  1835 | D        | Reached skill level 15 in Transmutations
  1838 | D        | Noticed an orc high priest
  1976 | D        | Killed an orc high priest
  2039 | D        | Bought a scroll of magic mapping for 35 gold pieces
  2039 | D        | Bought a potion of might for 40 gold pieces
  2039 | D        | Bought a scroll of identify for 20 gold pieces
  2045 | D        | Bought a fuming pink potion for 25 gold pieces
  2045 | D        | Bought a sedimented blue potion for 25 gold pieces
  2045 | D        | Bought a scroll of fog for 56 gold pieces
  2045 | D        | Bought a scroll of identify for 56 gold pieces
  2045 | D        | Bought a scroll of fear for 98 gold pieces
  2045 | D        | Bought a scroll labelled RYCHONK ROAGRO for 28 gold pieces
  2045 | D        | Bought a potion of curing for 84 gold pieces
  2066 | D        | Bought a book of Minor Magic for 200 gold pieces
  2130 | D        | Noticed Erolcha
  2139 | D        | Killed Erolcha
  2293 | D        | Noticed an ogre mage
  2295 | D        | Noticed a death knight
  2296 | D        | Noticed a tengu warrior
  2298 | D        | Noticed a soul eater
  2302 | D        | Killed an ogre mage
  2303 | D        | Noticed a tengu warrior
  2309 | D        | Noticed a tengu warrior
  2310 | D        | Killed a death knight
  2311 | D        | Reached skill level 22 in Unarmed Combat
  2312 | D        | Noticed a great orb of eyes
  2314 | D        | Killed a tengu warrior
  2315 | D        | Noticed an ice dragon
  2315 | D        | Noticed a centaur warrior
  2318 | D        | Noticed a stone giant
  2321 | D        | Killed a tengu warrior
  2327 | D        | Killed a tengu warrior
  2330 | D        | Killed a great orb of eyes
  2335 | D        | Killed an ice dragon
  2341 | D        | Killed a stone giant
  2342 | D        | Reached XP level 13. HP: 93/93 MP: 5/30
  2345 | D        | Reached skill level 15 in Dodging
  2345 | D        | Reached skill level 23 in Unarmed Combat
  2523 | D        | Noticed Maurice
  2535 | D        | Killed Maurice
  2723 | D        | Reached skill level 1 in Invocations
  2723 | D        | Noticed a nagaraja
  2736 | D        | Reached skill level 24 in Unarmed Combat
  2741 | D        | Killed a nagaraja
  2894 | D        | Noticed an entropy weaver
  2900 | D        | Killed an entropy weaver
  2952 | D        | Reached skill level 25 in Unarmed Combat
  3105 | D        | Noticed Agnes
  3121 | D        | Killed Agnes
  3122 | D        | Reached XP level 14. HP: 45/101 MP: 2/32
  3386 | D        | Noticed a tengu reaver
  3386 | D        | Noticed a fire giant
  3396 | D        | Reached skill level 15 in Spellcasting
  3409 | D        | Noticed a tengu reaver
  3413 | D        | Killed a tengu reaver
  3414 | D        | Reached skill level 26 in Unarmed Combat
  3414 | D        | Noticed a frost giant
  3415 | D        | Mangled by a fire giant

Illustrated notes

Levels and vault maps discovered:
D:        linesprint [early_d, line_temple, items_1, d_10, items_2, lair_1,
          lair_end, items_3, orc_1, orc_end, items_4, d_15, swamp_1, shoals_1,
          snake_1, spider_1, d_20, vaults_1, items_5, swamp_end, shoals_end,
          snake_end, spider_end, vaults_end, d_27, items_6, zot_1, zot_end,
          crypt_end, forest_end, elf_end, slime_end, tomb_end, abyss_end,
          pan_hell_end]

Skill      XL: |  1  2  3  4  5  6  7  8  9 10 11 12 13 14 |
---------------+-------------------------------------------+-----
Dodging        | 4 5 6 8 10 12 13 14 16 | 16.9
Transmutations | 4 5 6 8 10 11 12 14 16 17 18 | 18.2
Unarmed Combat | 6 8 9 10 13 15 16 18 20 22 25 26 | 26.1
Spellcasting   | 3 4 5 7 8 9 10 11 13 14 15 | 15.2
Stealth        | 1 2 3 4 |  4.0
Fighting       | 2 3 4 5 6 7 |  7.2
Ice Magic      | 1 2 3 4 |  4.1
Evocations     | 1 2 3 |  3.2
Invocations    | 2 |  2.1

Action                   |  1- 3 |  4- 6 |  7- 9 | 10-12 | 13-15 || total
-------------------------+-------+-------+-------+-------+-------++-------
Melee: Unarmed           |    21 |    29 |    33 |   200 |   140 ||   423
       Punch             |     1 |       |     3 |    17 |    10 ||    31
       Headbutt          |       |     1 |       |       |       ||     1
 Cast: Beastly Appendage |     2 |       |       |       |       ||     2
       Wereblood         |       |     2 |     1 |     7 |     4 ||    14
       Ice Form          |       |     2 |       |     2 |       ||     4
       Blade Hands       |       |       |     1 |    11 |     9 ||    21
Invok: Lesser Servant of |       |       |       |       |     1 ||     1
Evoke: Wand              |       |     1 |     2 |     1 |     2 ||     6
  Use: Potion            |     1 |       |       |       |     2 ||     3
       Scroll            |       |       |       |     4 |       ||     4
 Stab: Sleeping          |       |       |       |       |     1 ||     1
Armor: Robe              |     1 |     1 |     1 |     8 |    15 ||    26
       Skin              |       |     2 |     4 |     1 |       ||     7
Dodge: Dodged            |     8 |    14 |    15 |   103 |    88 ||   228

Table legend: (Time is in decaauts)
 A = Elapsed time spent in this place.
 B = Non-inter-level travel time spent in this place.
 C = Inter-level travel time spent in this place.
 D = Time resting spent in this place.
 E = Time spent auto-exploring this place.
 F = Levels seen in this place.
 G = Mean time per level.
                   A        B        C        D        E       F      G
               +--------+--------+--------+--------+--------+-----+--------+
         Total |   3272 |   3272 |      0 |   1557 |    657 |   1 | 3272.0 |
       Dungeon |   3272 |   3272 |      0 |   1557 |    657 |   1 | 3272.0 |
               +--------+--------+--------+--------+--------+-----+--------+

Top non-repeatable levels by time:
       D: 3272 daAuts
